 Dungeon Crawl Stone Soup version 0.29.1-1-gd02db6906a (webtiles) character file.

Game seed: 14948448630125438963

337 lonewolfV2 the Chopper (level 6, -14/32 HPs)
             Began as a Vine Stalker Fighter on Oct 14, 2022.
             Killed from afar by a steam dragon (23 damage)
             ... with a ball of steam
             ... on level 4 of the Dungeon.
             The game lasted 00:06:22 (3069 turns).

lonewolfV2 the Chopper (Vine Stalker Fighter)       Turns: 3069, Time: 00:06:23

Health: -14/32     AC: 11    Str: 24    XL:     6   Next: 54%
Magic:  0/7        EV:  9    Int:  8    God:
Gold:   163        SH:  5    Dex: 16    Spells: 5/5 levels left

rFire   x . .      SeeInvis .   a - +1 war axe
rCold   + . .      Faith    .   c - +0 buckler
rNeg    . . .      Spirit   +   k - +4 scale mail of Fanaticism {rPois Stlth+}
rPois   +          Reflect  .   (no helmet)
rElec   .          Harm     .   (no cloak)
rCorr   .          Rampage  .   (no gloves)
Will    .....                   (no boots)
Stlth   +.........              h - amulet of regeneration
HPRegen 1.70/turn               e - ring of ice
MPRegen 0.10/turn               j - +6 ring of strength

@: hasted, very quick
A: fangs 2, regeneration 1, magic shield, antimagic bite, no potion heal 2
a: no special abilities


You were on level 4 of the Dungeon.
You visited 1 branch of the dungeon, and saw 4 of its levels.

You collected 163 gold pieces.

Inventory:

Hand Weapons
 a - a +1 war axe (weapon)
Missiles
 q - 2 throwing nets (quivered)
Armour
 c - a +0 buckler (worn)
 k - the +4 scale mail of Fanaticism (worn) {rPois Stlth+}
   (You found it on level 2 of the Dungeon)

   rPois:     It protects you from poison.
   Stlth:     It makes you more stealthy.
Jewellery
 e - a ring of ice (left hand)
 h - an amulet of regeneration (around neck)
 j - a +6 ring of strength (right hand)
Scrolls
 b - a scroll of amnesia
 l - a scroll of enchant weapon
 o - 2 scrolls of identify
 p - a scroll of blinking
 t - a scroll of fear
Potions
 d - 4 potions of might
 f - 2 potions of mutation
 g - a potion of cancellation
 i - 2 potions of haste
 m - 3 potions of brilliance
 n - a potion of ambrosia {unknown}
 r - a potion of heal wounds {unknown}
 s - a potion of attraction {unknown}


   Skills:
 + Level 3.5 Fighting
 + Level 4.0 Axes
 + Level 3.7 Armour
 + Level 0.5 Dodging
 + Level 0.4 Stealth
 + Level 3.3 Shields


You had 5 spell levels left.
You didn't know any spells.
Your spell library contained the following spells:

 Spells                   Type           Power      Damage    Failure   Level
 Summon Small Mammal      Summ           0%         N/A       80%         1
 Call Canine Familiar     Summ           0%         N/A       99%         3
 Summon Guardian Golem    Hex/Summ       0%         N/A       99%         3


Dungeon Overview and Level Annotations

Branches:
Dungeon (4/15)
 Temple: D:4-7

Altars:
Uskayaw

Annotations:
D:2 yes


Innate Abilities, Weirdness & Mutations

You have extremely sharp teeth.
Your natural rate of healing is unusually fast.
When hurt, damage is shared between your health and your magic reserves.
Your bite disrupts and absorbs the magic of your enemies.
Potions cannot restore your health.


Message History

Something hits you but does no damage.
You miss something. Something hits you. x2
You closely miss something. Something hits you but does no damage.
You slash something!
Reactivating autopickup.
You feel a bit more experienced.
Your Axes skill increases to level 4!
Things that are here:
a +0 dagger; a +0 robe; an orc corpse
q - 2 throwing nets A steam dragon comes into view.
A steam dragon is nearby!
A steam dragon is nearby!
A steam dragon is nearby!
The steam dragon bites you!
The steam dragon claws you but does no damage.
You hit the steam dragon but do no damage.
You bite the steam dragon. You drain its power.
You feel invigorated.
The steam dragon is lightly wounded.
The steam dragon breathes steam at you. The ball of steam hits you!!
The steam scalds you terribly!
Ouch! That really hurt!
* * * LOW HITPOINT WARNING * * *
It was a potion of haste.
You feel yourself speed up.
You are engulfed in a cloud of scalding steam.
The steam dragon bites you but does no damage.
The steam dragon barely misses you.
You hit the steam dragon but do no damage.
You bite the steam dragon. You drain its power.
You feel invigorated.
The steam dragon is lightly wounded.
The steam dragon bites you.
* * * LOW HITPOINT WARNING * * *
You block the steam dragon's attack.
You slash the steam dragon!
You bite the steam dragon, but do no damage.
The steam dragon is heavily wounded.
The steam dragon breathes steam at you. The ball of steam hits you!!
The steam scalds you terribly!
Ouch! That really hurt!
You die...

#...............
#########.#...## #..###
#.#...## #....## #.#†..#
##.....###.#..##
#.......##....#
#.............#
###...§......#..#
#D@....§.##..######
#.......§.§##....?....
.........§.####.########
.........####..)........
....######.....))...####
#### ....##..)....# ...
#.......# # #.......#
#.........


You could see a steam dragon (catching breath).

Vanquished Creatures
  3 hounds (D:4)
  An orc priest (D:4)
  An orc wizard (D:4)
  4 gnolls
  5 adders
  A shadow imp (D:3)
  3 dart slugs
  7 orcs
  6 endoplasms
  A giant cockroach (D:2)
  7 goblins
  6 hobgoblins
  8 jackals
  3 kobolds
  6 quokkas
  8 ball pythons
  5 bats
  3 frilled lizards
  13 rats
91 creatures vanquished.

Vanquished Creatures (others)
  27 plants (D:3)
27 creatures vanquished.

Grand Total: 118 creatures vanquished

Notes
Turn   | Place    | Note
-------+----------+-------------------------------------------
     0 | D:1      | lonewolfV2 the Vine Stalker Fighter began the quest for the
                  | Orb.
     0 | D:1      | Reached XP level 1. HP: 11/11 MP: 2/2
   132 | D:1      | Reached XP level 2. HP: 14/16 MP: 3/3
   543 | D:1      | Reached skill level 2 in Axes
   579 | D:1      | Found a faded altar of an unknown god.
   588 | D:1      | Reached XP level 3. HP: 16/19 MP: 2/4
   904 | D:2      | Gained mutation: Your natural rate of healing is unusually
                  | fast. [Vine Stalker growth]
   904 | D:2      | Reached XP level 4. HP: 24/24 MP: 5/5
  1027 | D:2      | Identified the +4 scale mail of Fanaticism {rPois Stlth+}
  1399 | D:2      | Identified the +8 trident "Oroqoal" {venom, *Corrode rF+
                  | Str+4}
  2206 | D:3      | Reached XP level 5. HP: 28/28 MP: 6/6
  2267 | D:3      | Reached skill level 3 in Axes
  2822 | D:4      | Found a hide-covered altar of Uskayaw.
  2911 | D:4      | Reached XP level 6. HP: 30/32 MP: 5/7
  3038 | D:4      | Reached skill level 4 in Axes
  3060 | D:4      | Noticed a steam dragon
  3069 | D:4      | Killed from afar by a steam dragon

Illustrated notes

Levels and vault maps discovered:
D:1:      erik_arrival_cave_to_civilisation [erik_arrival_cave_to_hall],
          layout_basic, ebering_ecumenical_altar_box, minmay_rat_gold_closets
D:2:      layout_basic
D:3:      layout_loops_ring, serial_forest, infiniplex_forest_corner_1,
          infiniplex_forest_side_room, infiniplex_forest_clump_long,
          infiniplex_forest_lined_4_way, kennysheep_boxes
D:4:      kennysheep_spiral_hall, layout_basic, lemuel_doored_altar

Skill      XL: |  1  2  3  4  5  6 |
---------------+-------------------+-----
Axes           | 2 3 4 |  4.0
Shields        | 3 |  3.3
Fighting       | 3 |  3.5
Armour         | 3 |  3.7
Dodging        | |  0.5
Stealth        | |  0.4

Action                   |  1- 3 |  4- 6 || total
-------------------------+-------+-------++-------
Melee: War axe           |    70 |   144 ||   214
       Bite              |    10 |    31 ||    41
  Use: Scroll            |     1 |     9 ||    10
       Potion            |       |     1 ||     1
Armor: Scale mail        |    56 |   115 ||   171
Dodge: Dodged            |    56 |    86 ||   142
Block: Buckler           |    24 |    44 ||    68
